← All builds
Suicide front / Armada / Factory first / OBSERVED BUILD

Standard suicide front

Armada Suicide front build order · Supreme Isthmus

The role's baseline: Bot Lab at 0:21 then straight into reclaim-fed T1 bot production to contest the middle and hold until T2 arrives, with an Advanced Metal Extractor around 9:45.

#rush · 2245 distinct matches · 261 players · 72% of Armada Suicide front games · team won 59% of 2635 · Recently observed

HOW TO PLAY IT

Key timing: Bot Lab by 0:20

  1. Open with mex and lab-first to get Bot Lab up by 0:20.
  2. Expand mex and wind while lab pumps units toward middle.
  3. Push Sentry and early Rocketeer, Centurion to contest middle.
  4. Get T2 constructor out once Pond's boost lets you spare metal.
  5. Upgrade mex to Advanced Metal Extractor as you transition off T1 spam.

Phase by phase

TYPICAL OF ITS 2245 GAMES
  1. 1
  2. 2
  3. 3
PLAY THE OPENING

Follow the example game's first 6:00 step by step: what to build now, what comes next, and where it goes. At 1× it keeps pace with your own game.

  1. 1

    Bot Lab first

    Order
    1. Bot LabBot Lab done ~0:26, middle half 0:20–0:33

    Some games also: mex (47%)

  2. 2

    Bot Lab to 5:00

    Economy
    • Metal Extractor5Mex
    • Wind Turbine4Wind
    Builders
    • Construction Bot3 Con bot
    • Lazarus2 Lazarus
    Army
    • Sentry4 Sentry
    • Rocketeer16 Rocketeer
    • Tick2 Tick
    • Centurion1 Centurion
    Other
    • Radar Tower1 Radar Tower

    Some games also: pawn (39%) · con turret (34%)

    By 5:00 in all: 5 mex · 4 wind

    The example game in this phase · 33 steps
    1. LazarusLazarus
    2. Wind
    3. Mex
    4. SentrySentry
    5. Construction BotCon bot ×2
    6. SentrySentry
    7. Mex
    8. CenturionCenturion
    9. Mex
    10. CenturionCenturion
    11. SentrySentry
    12. Radar TowerRadar Tower
    13. CenturionCenturion
    14. Construction BotCon bot
    15. RocketeerRocketeer
    16. Mex
    17. BeamerBeamer
    18. RocketeerRocketeer ×3
    19. SentrySentry
    20. Con turret
    21. RocketeerRocketeer
    22. Construction BotCon bot
    23. RocketeerRocketeer ×2
    24. LazarusLazarus
    25. Solar
    26. RocketeerRocketeer ×2
    27. BeamerBeamer
    28. CenturionCenturion
    29. Solar
    30. Construction BotCon bot
    31. RocketeerRocketeer ×2
    32. Radar TowerRadar Tower
    33. LazarusLazarus
  3. 3

    5:00 to 10:00

    Economy
    • Metal Extractor1Mex
    • Wind Turbine15Wind
    Builders
    • Construction Turret2 Con turret
    • Lazarus2 Lazarus
    • Construction Bot1 Con bot
    Army
    • Sentry1 Sentry
    • Rocketeer8 Rocketeer

    Some games also: pawn (48%) · Radar Tower (46%) · centurion (44%) · tick (43%) · energy storage (42%) · eat Bot Lab (31%)

    By 10:00 in all: 6 mex · 21 wind · 1 energy storage · 2 con turret

    The example game in this phase · 68 steps
    1. RocketeerRocketeer
    2. CenturionCenturion ×2
    3. RocketeerRocketeer
    4. CenturionCenturion
    5. RocketeerRocketeer
    6. ThugThug
    7. LazarusLazarus ×2
    8. ThugThug
    9. CenturionCenturion
    10. RocketeerRocketeer ×2
    11. LazarusLazarus
    12. BeamerBeamer
    13. LazarusLazarus ×6
    14. Mex
    15. CenturionCenturion
    16. ThugThug
    17. LazarusLazarus
    18. Mex
    19. LazarusLazarus
    20. ThugThug
    21. LazarusLazarus
    22. RocketeerRocketeer
    23. LazarusLazarus
    24. ThugThug
    25. LazarusLazarus
    26. Construction BotCon bot ×2
    27. ThugThug
    28. Construction BotCon bot
    29. Mex
    30. ThugThug
    31. Construction BotCon bot
    32. ThugThug
    33. RocketeerRocketeer
    34. ThugThug
    35. Advanced Metal ExtractorT2 mexnot finished by 15:00 · typical 9:49
    36. FerretFerret
    37. Advanced Metal ExtractorT2 mex
    38. Solar
    39. Construction BotCon bot
    40. Advanced Metal ExtractorT2 mex
    41. Construction BotCon bot
    42. Advanced Metal ExtractorT2 mex
    43. Wind
    44. Advanced Metal ExtractorT2 mex
    45. Wind
    46. Mex
    47. Wind ×2
    48. Construction BotCon bot
    49. Wind
    50. Advanced Metal ExtractorT2 mex
    51. Mex
    52. Wind
    53. Con turret
    54. Construction BotCon bot ×2
    55. Wind
    56. BeamerBeamer
    57. CenturionCenturion
    58. Wind
    59. Advanced Metal ExtractorT2 mex
    60. Wind
    61. CenturionCenturion
    62. BeamerBeamer
    63. Wind
    64. CenturionCenturion
    65. Wind
    66. Con turret
    67. Wind
    68. BeamerBeamer

Counts are medians over the build's games: half of them build more, half fewer. The example game is Cokeado's (36 OS, 15/10/2026); pick another.

Team trades

IN AT LEAST 30% OF ITS GAMES

You hand over

Nothing regular.

You get

  • Tidal Generator4 Tidal from Pondfirst at 0:11 · in 68% of games
  • Advanced Construction Bot1 T2 con bot from Geo or Techfirst at 7:45 · in 57% of games

How it plays out

Typical game of this build, running totals by minute

Metal produced

010k20k
0:005:0010:0015:00

metal

Enemy metal destroyed

05k10k
0:005:0010:0015:00

metal

Own metal lost

05k10k
0:005:0010:0015:00

metal

2635 games.

Show as table
ByMetal produced: This buildEnemy metal destroyed: This buildOwn metal lost: This build
1:0023000
2:0088700
3:002006193130
4:003105646502
5:0041861357990
6:00535222011677
7:00654530812547
8:00775239633443
9:00903447304337
10:001040053465119
11:001185058925901
12:001353664446633
13:001533969177393
14:001720375528179
15:001915081878947
WHAT THE NUMBERS SAY

Standard Suicide front play wins a bit over half its games while taking the heaviest own losses of any role by 15:00.

  • + Produces 20142 metal by 15:00, highest of the front roles.
  • + First kill by 2:01 in all games, fastest contest of middle.
  • − Own metal lost hits 9178 by 15:00, more than enemy metal destroyed.
  • − Only 34% Rocketeer share shows army spread thin across many bot types.
THE EXAMPLE YOU ARE READING

Cokeado

35.9 OS · 15/10/2026

Open source match ↗

7 received units · includes a constructor
102 metal received · 22534 energy received

Allied construction assistance is unknown. Timings are observations, not a promise of solo reproducibility.

Typical milestones

Bot Lab0:26Middle 50%: 0:20–0:33 · n=2626
Advanced Metal Extractor9:49Middle 50%: 8:52–11:00 · n=1888

Played most by

_X_265games of this buildPlatinumBlonde188games of this buildXad165games of this buildTrapCaT112games of this buildSoliloqueur81games of this build